 Dungeon Crawl Stone Soup version 0.20.1-1-g8b1a95d (webtiles) character file.

128 empire the Shield-Bearer (level 4, -9/40 HPs)
             Began as a Minotaur Fighter on Aug 10, 2017.
             Mangled by Shutra's ghost (14 damage)
             ... on level 3 of the Dungeon.
             The game lasted 00:04:02 (2246 turns).

empire the Shield-Bearer (Minotaur Fighter)         Turns: 2246, Time: 00:04:03

Health: -9/40      AC:  7    Str: 26    XL:     4   Next: 87%
Magic:  3/3        EV:  8    Int:  5    God:
Gold:   64         SH: 11    Dex: 10    Spells: 3/3 levels left

rFire    . . .     SeeInvis .   a - +0 long sword
rCold    . . .     Gourm    .   c - +1 shield
rNeg     . . .     Faith    .   b - +0 scale mail
rPois    .         Spirit   .   (helmet restricted)
rElec    .         Reflect  .   (no cloak)
rCorr    .         Harm     .   (no gloves)
MR       .....                  (no boots)
Stlth    ..........             (no amulet)
Regen    0.2/turn               (no ring)
MPRegen  0.1/turn               (no ring)

@: mighty, flying
A: retaliatory headbutt, horns 2
a: no special abilities


You were on level 3 of the Dungeon.
You were not hungry.

You visited 1 branch of the dungeon, and saw 3 of its levels.

You collected 64 gold pieces.

Inventory:

Hand Weapons
 a - a +0 long sword (weapon)
Armour
 b - a +0 scale mail (worn)
 c - a +1 shield (worn)
 i - a +0 large shield
Scrolls
 e - a scroll of teleportation {unknown}
 h - a scroll of noise {unknown}
 j - a scroll of remove curse {unknown}
 k - a scroll of blinking {unknown}
 m - a scroll of enchant armour
 q - a scroll of identify {unknown}
 s - a scroll of fear {unknown}
Potions
 g - a potion of degeneration {unknown}
 n - a potion of flight
 p - a potion of lignification {unknown}
Comestibles
 f - 3 bread rations
 l - a fruit
 o - a meat ration


   Skills:
 + Level 4.2 Fighting
 + Level 3.2 Long Blades
 + Level 4.5 Armour
 + Level 1.8 Dodging
 + Level 4.7 Shields


You had 3 spell levels left.
You didn't know any spells.

Dungeon Overview and Level Annotations

Branches:
Dungeon (3/15)

Altars:
Ru

Annotations:
D:3 Shutra's ghost, amateur DsBe


Innate Abilities, Weirdness & Mutations

You reflexively headbutt those who attack you in melee.
You have a pair of horns on your head.


Message History

You closely miss Shutra's ghost.
Shutra's ghost is lightly damaged.
You block Shutra's ghost's attack.
You barely miss Shutra's ghost.
Shutra's ghost is lightly damaged.
Shutra's ghost shrieks, "They lied to you.
The Dungeon just goes down and down forever."
Shutra's ghost barely misses you. You furiously retaliate!
You headbutt Shutra's ghost!
You riposte.
You hit Shutra's ghost.
Shutra's ghost is heavily damaged.
You hit Shutra's ghost.
Shutra's ghost is heavily damaged.
Shutra's ghost hits you.
* * * LOW HITPOINT WARNING * * *
Shutra's ghost barely misses you.
Unknown command.
You hit Shutra's ghost.
You headbutt Shutra's ghost, but do no damage.
Shutra's ghost is severely damaged.
Shutra's ghost hits you!
You die...

#...........)##
#.........#...#################
#......................).......
#.........#...#################
#.........##..## ........##...#
........###..# ######### #..#
##@# #W## #..# #..# ##.# #.$#
##'# .. ...


You could see Shutra's ghost.

Vanquished Creatures
  Robin (D:2)
  4 gnolls (D:2)
  An adder (D:3)
  2 worms
  A leopard gecko (D:1)
  3 giant cockroaches (D:1)
  10 hobgoblins
  9 kobolds
  A quokka (D:2)
  12 bats
  4 frilled lizards
  10 goblins
  6 rats
64 creatures vanquished.

Notes
Turn   | Place    | Note
-------+----------+-------------------------------------------
     0 | D:1      | empire the Minotaur Fighter began the quest for the Orb.
     0 | D:1      | Reached XP level 1. HP: 19/19 MP: 0/0
    96 | D:1      | Reached XP level 2. HP: 27/27 MP: 1/1
   351 | D:1      | Reached skill level 1 in Dodging
   504 | D:1      | Reached XP level 3. HP: 31/33 MP: 2/2
   802 | D:2      | Noticed Robin
   807 | D:2      | Killed Robin
  1213 | D:2      | Reached XP level 4. HP: 40/40 MP: 3/3
  1526 | D:2      | Found a sacrificial altar of Ru.
  2222 | D:3      | Noticed Shutra's ghost (amateur DsBe)
  2246 | D:3      | Mangled by Shutra's ghost

Skill      XL: |  1  2  3  4 |
---------------+-------------+-----
Shields        | 4 |  4.7
Dodging        | 1 |  1.8
Armour         | 4 |  4.5
Long Blades    | 3 |  3.2
Fighting       | 4 |  4.2

Action                   |  1- 3 |  4- 6 || total
-------------------------+-------+-------++-------
Melee: Long sword        |    81 |    64 ||   145
       Headbutt          |     9 |     8 ||    17
  Use: Potion            |       |     2 ||     2
       Scroll            |       |     1 ||     1
  Eat: Chunk             |     1 |     3 ||     4
Armor: Scale mail        |    35 |    27 ||    62
Dodge: Dodged            |    27 |    17 ||    44
Block: Shield            |    51 |    33 ||    84
       Rpst.: Long sword |     6 |     6 ||    12
